 Dungeon Crawl Stone Soup version 0.19.1-1-g22dce08 (webtiles) character file.

272 Lennu the Slasher (level 6, 0/52 HPs)
             Began as a Draconian Monk on Jan 9, 2017.
             Slain by an iguana (11 damage)
             ... on level 4 of the Dungeon.
             The game lasted 00:07:53 (3593 turns).

Lennu the Slasher (Draconian Monk)                  Turns: 3593, Time: 00:07:54

Health: 0/52       AC:  6    Str: 14    XL:     6   Next: 2%
Magic:  0/6        EV: 14    Int: 10    God:
Gold:   170        SH:  0    Dex: 15    Spells: 0 memorised, 5 levels left

rFire  . . .     SeeInvis .     a - +0 falchion
rCold  . . .     Gourm    .     (armour unavailable)
rNeg   . . .     Faith    .     (no shield)
rPois  .         Spirit   +     j - +0 hat
rElec  .         Reflect  .     (no cloak)
rCorr  .         Harm     .     (no gloves)
MR     .....                    (no boots)
Stlth  ++........               o - amulet of guardian spirit
                                (no ring)
                                (no ring)

@: no status effects
A: unfitting armour, cold-blooded, AC +6
a: no special abilities


You were on level 4 of the Dungeon.
You were not hungry.

You visited 1 branch of the dungeon, and saw 4 of its levels.

You collected 170 gold pieces.

Inventory:

Hand Weapons
 a - a +0 falchion (weapon)
Armour
 j - a +0 hat (worn)
Jewellery
 o - an amulet of guardian spirit (around neck)
Scrolls
 e - a scroll of teleportation {unknown}
 g - 4 scrolls of identify {unknown}
 i - 2 scrolls of immolation {unknown}
 k - a scroll of amnesia {unknown}
 l - 2 scrolls of enchant weapon {unknown}
 n - a scroll of noise {unknown}
 p - a scroll of remove curse {unknown}
 s - 3 scrolls of fog {unknown}
Potions
 c - 3 potions of degeneration {unknown}
 f - 2 potions of curing {unknown}
 h - 2 potions of flight {unknown}
 q - 2 potions of ambrosia {unknown}
 t - a potion of agility
Comestibles
 b - 4 bread rations
 d - a beef jerky
 r - 6 chunks of flesh


   Skills:
 * Level 4.2 Fighting
 * Level 5.0 Long Blades
 * Level 1.3 Throwing
 * Level 3.6 Dodging
 + Level 2.6 Stealth


You had 5 spell levels left.
You didn't know any spells.

Dungeon Overview and Level Annotations

Branches:
Dungeon (4/15)
 Temple: D:4-7

Altars:
Gozag
Nemelex Xobeh
Sif Muna
Trog
Xom
Zin


Innate Abilities, Weirdness & Mutations

Your plain brown scales are hard. (AC +6)
You cannot fit into any form of body armour.
You are cold-blooded and may be slowed by cold attacks.


Message History

The iguana is heavily wounded.
The iguana barely misses you.
You barely miss the iguana.
The iguana is heavily wounded.
The iguana barely misses you.
You closely miss the iguana.
The iguana is heavily wounded.
The iguana bites you.
* * * LOW HITPOINT WARNING * * *
Throwing (i - inventory):
m - a steel javelin (quivered)
Press: ? - help, Shift-Dir - straight line, f/p - iguana
Aim: an iguana (heavily wounded)
You throw a steel javelin. The steel javelin hits the iguana.
The iguana is severely wounded.
The iguana bites you.
* * * LOW HITPOINT WARNING * * *
You hit the iguana.
The iguana is severely wounded.
The iguana bites you!
You die...

........... #..########
#..# # ####..# # #.....#
# #.##..# #
#.##..########
###########.##..........
#.[....@l.(.(#..........
#.#.########(#.########.
#####....# #. #.....#..#
#. .###...##### #.
##.###...## #.
...####.##.# #.###.
..[........# #....<
#######.##.###.####


You could see an iguana.

Vanquished Creatures
  A scorpion (D:4)
  An orc wizard (D:3)
  Terence (D:3)
  4 adders
  An ooze (D:2)
  4 worms
  3 leopard geckos
  11 orcs
  7 bats
  5 giant cockroaches
  10 hobgoblins
  11 jackals
  15 kobolds
  2 quokkas (D:2)
  A ball python (D:4)
  8 frilled lizards
  11 goblins
  11 rats
107 creatures vanquished.

Notes
Turn   | Place    | Note
-------+----------+-------------------------------------------
     0 | D:1      | Lennu the Draconian Monk began the quest for the Orb.
     0 | D:1      | Reached XP level 1. HP: 19/19 MP: 1/1
   157 | D:1      | Reached XP level 2. HP: 22/26 MP: 2/2
   582 | D:1      | Reached XP level 3. HP: 26/33 MP: 3/3
  1270 | D:2      | Found a sparkling altar of Nemelex Xobeh.
  1498 | D:2      | Reached XP level 4. HP: 34/40 MP: 4/4
  1749 | D:3      | Reached skill level 4 in Long Blades
  1858 | D:3      | Found a shimmering altar of Xom.
  2059 | D:3      | Reached XP level 5. HP: 36/46 MP: 5/5
  2231 | D:3      | Reached skill level 1 in Throwing
  2310 | D:3      | Found an opulent altar of Gozag.
  2530 | D:3      | Noticed Terence
  2545 | D:3      | Killed Terence
  3420 | D:4      | Reached skill level 5 in Long Blades
  3472 | D:4      | Found a bloodstained altar of Trog.
  3475 | D:4      | Found a deep blue altar of Sif Muna.
  3480 | D:4      | Found a glowing silver altar of Zin.
  3538 | D:4      | Reached XP level 6. HP: 51/52 MP: 6/6
  3593 | D:4      | Slain by an iguana

Skill      XL: |  1  2  3  4  5 |
---------------+----------------+-----
Stealth        | 2 |  2.6
Dodging        | 3 |  3.6
Fighting       | 4 |  4.2
Long Blades    | 4 5 |  5.0
Throwing       | 1 |  1.3

Action                   |  1- 3 |  4- 6 || total
-------------------------+-------+-------++-------
Melee: Falchion          |   134 |   193 ||   327
       Tailslap          |    17 |    21 ||    38
Throw: Javelin           |       |     7 ||     7
 Stab: Sleeping          |     7 |     6 ||    13
  Eat: Chunk             |     2 |     7 ||     9
Armor: Skin              |    40 |    45 ||    85
Dodge: Dodged            |   101 |   107 ||   208
       Rpst.: Falchion   |    45 |    28 ||    73
